 Seeded DCSS version 0.28-a0-1555-g9ae15a6949 (webtiles) character file.

Game seed: 1043346750170890331 (custom seed)

1950 riojii the Covert (level 8, -4/41 HPs)
             Began as a Vampire Enchanter on Jan 19, 2022.
             Was a Follower of Dithmenos.
             Slain by Duvessa (7 damage)
             ... on level 6 of the Dungeon.
             The game lasted 00:09:21 (4050 turns).

riojii the Covert (Vampire Enchanter)               Turns: 4050, Time: 00:09:22

Health: -4/41      AC:  4    Str:  7    XL:     8   Next: 99%
Magic:  9/13       EV: 12    Int: 17    God:    Dithmenos [*.....]
Gold:   236        SH:  0    Dex: 17    Spells: 9/14 levels left

rFire   . . .      SeeInvis +   f - +11 dagger of Saock {vamp, rC+}
rCold   + + +      Faith    .   (no shield)
rNeg    + + +      Spirit   .   k - +0 leather armour
rPois   ∞          Reflect  .   (no helmet)
rElec   .          Harm     .   i - +0 cloak
rCorr   .          Rampage  .   (no gloves)
Will    .....                   (no boots)
Stlth   ++++++++..              (no amulet)
HPRegen 0.00/turn               y - ring of flight
MPRegen 0.13/turn               (no ring)

@: flying, bloodless, inhibited regen, wreathed by umbra
A: bloodless, fangs 3, see invisible, vampiric 2
a: Bat Form, Revivify, Renounce Religion


You were on level 6 of the Dungeon.
You worshipped Dithmenos.
Dithmenos was aware of your devotion.
You visited 1 branch of the dungeon, and saw 6 of its levels.

You collected 236 gold pieces.

Inventory:

Hand Weapons
 f - the +11 dagger of Saock (weapon) {vamp, rC+}
   (You found it on level 2 of the Dungeon)

   It occasionally heals its wielder for a portion of the damage dealt when it
   wounds a living foe.
   rC:        It protects you from cold.
Missiles
 g - 2 poisoned darts
 s - 2 throwing nets
Armour
 i - a +0 cloak (worn)
 j - +0 fire dragon scales
 k - a +0 leather armour (worn)
Jewellery
 q - an amulet of faith
 y - a ring of flight (left hand)
Wands
 w - a wand of flame (19)
Scrolls
 b - a scroll of amnesia {unknown}
 d - 3 scrolls of identify
 e - a scroll of fog {unknown}
 h - a scroll of enchant weapon {unknown}
 n - 2 scrolls of magic mapping {unknown}
 o - a scroll of summoning {unknown}
 p - a scroll of vulnerability {unknown}
 t - 2 scrolls of fear {unknown}
 u - a scroll of noise {unknown}
 v - a scroll of blinking {unknown}
 z - a scroll of enchant armour {unknown}
Potions
 a - 2 potions of attraction
 c - 3 potions of invisibility
 l - a potion of mutation
 m - a potion of resistance
 r - a potion of magic
 x - a potion of curing


   Skills:
 + Level 5.4 Short Blades
 - Level 2.1 Dodging
 * Level 11.9 Stealth
 * Level 3.7 Spellcasting
 + Level 10.7 Hexes


You had 9 spell levels left.
You knew the following spells:

 Your Spells              Type           Power      Damage    Failure   Level
a - Ensorcelled Hibernat  Hex/Ice        42%        N/A       4%          2
b - Confusing Touch       Hex            39%        N/A       1%          3

Your spell library contained the following spells:

 Spells                   Type           Power      Damage    Failure   Level
 Tukima's Dance           Hex            39%        N/A       1%          3
 Dazzling Flash           Conj/Hex       42%        N/A       9%          3
 Animate Skeleton         Necr           6%         N/A       24%         1
 Pain                     Necr           12%        1d4       24%         1
 Sting                    Tmut/Pois      12%        1d3       24%         1
 Poisonous Vapours        Pois/Air       6%         N/A       36%         2
 Vampiric Draining        Necr           3%         2d6       58%         3
 Olgreb's Toxic Radiance  Pois           3%         N/A       94%         4


Dungeon Overview and Level Annotations

Branches:
Dungeon (6/15)
 Temple: D:4-7

Altars:
Dithmenos

Shops:
D:2 !

Annotations:
D:6 Duvessa


Innate Abilities, Weirdness & Mutations

You do not regenerate when monsters are visible.
You are frail without blood (-20% HP).
You can heal yourself when you bite living creatures.
You are immune to poison.
You have razor-sharp teeth.
You have supernaturally acute eyesight. (SInv)
You are afflicted with vampirism and can become a bat while bloodless.


Message History

There is a shaft here.
Found a stone staircase leading up.
Found a stone staircase leading down.
There is a shaft here.
Duvessa, Sister of Dowan comes into view.
She is wielding a +0 rapier.
Duvessa is nearby!
Dowan, Brother of Duvessa comes into view.
He is wielding a +0 dagger.
A shadow imp comes into view.
Found a stone staircase leading down.
Dowan shouts!
Dowan resists with significant effort.
The shadow imp shouts, "Take thy face hence, thou droning ditch-delivered foot-licker!"
You puncture Dowan!
Dowan is heavily wounded.
Dowan hits you with a +0 dagger.
Dowan looks drowsy...
The helpless Dowan fails to defend himself.
You bite Dowan, and draw his blood!
You feel better.
You perforate Dowan like a sieve!!!
You kill Dowan!
Dithmenos accepts your kill.
Duvessa screams in rage.
Duvessa goes berserk!
Duvessa closely misses you. The shadow imp barely misses you.
Casting: Ensorcelled Hibernation (safe; 4% risk of failure)
Confirm with . or Enter, or press ? or * to list all spells.
Okay, then.
You hit Duvessa. You bite Duvessa, but do no damage.
Duvessa is lightly wounded.
Duvessa hits you with a +0 rapier!!
Ouch! That really hurt!
The shadow imp hits you.
You hit Duvessa but do no damage. You bite Duvessa.
You draw Duvessa's blood!
You feel better.
Duvessa is lightly wounded.
Duvessa hits you with a +0 rapier!
* * * LOW HITPOINT WARNING * * *
The shadow imp hits you but does no damage.
Duvessa hits you with a +0 rapier!
You die...

###### #### #....#
########## ...#
#....# #.......>#
...# #....#
#........# ...#
#....# #..e.....#
[..#
#....####.@).....#
...#
###........5.....#
...#
#..............#
..##
#....).........#
#.#
##..............
#.##
#..............
#.^###
#.....###......
##...#####.....#
.####.
#.............# .#


You could see Duvessa (berserk) and a shadow imp.

Vanquished Creatures
  A two-headed ogre (D:4)
  Eustachio (D:4)
  A steam dragon (D:4)
  A water moccasin (D:5)
  An ice beast (D:5)
  A centaur (D:4)
  2 phantoms (D:5)
  2 scorpions
  Dowan (D:6)
  A bullfrog zombie (D:5)
  A centaur zombie (D:6)
  A hound (D:5)
  2 jellies (D:5)
  A gnoll shaman (D:4)
  An iguana (D:5)
  A killer bee zombie (D:5)
  8 gnolls
  5 adders
  A shadow imp (D:5)
  A white imp (D:6)
  2 adder skeletons (D:4)
  4 worms
  6 dart slugs
  5 orcs
  8 ball pythons
  4 bats
  12 endoplasms
  5 giant cockroaches
  9 goblins
  11 hobgoblins
  3 quokkas
  4 frilled lizards
  7 kobolds
  8 rats
122 creatures vanquished.

Notes
Turn   | Place    | Note
-------+----------+-------------------------------------------
     0 | D:1      | riojii the Vampire Enchanter began the quest for the Orb.
     0 | D:1      | Reached XP level 1. HP: 13/13 MP: 3/3
   124 | D:1      | Reached XP level 2. HP: 10/19 MP: 5/5
   278 | D:1      | Reached skill level 5 in Stealth
   348 | D:1      | Reached skill level 5 in Hexes
   396 | D:1      | Gained mutation: You are afflicted with vampirism and can
                  | become a bat while bloodless. [Vampire growth]
   396 | D:1      | Reached XP level 3. HP: 15/24 MP: 6/6
   601 | D:1      | Found a faded altar of an unknown god.
   743 | D:2      | Identified the +11 dagger of Saock {vamp, rC+}
   786 | D:2      | Found Deruim's Distillery.
  1011 | D:2      | Learned a level 2 spell: Ensorcelled Hibernation
  1042 | D:2      | Reached XP level 4. HP: 13/30 MP: 7/7
  1142 | D:2      | Reached skill level 6 in Stealth
  1274 | D:2      | Learned a level 3 spell: Confusing Touch
  1430 | D:2      | Reached XP level 5. HP: 35/35 MP: 8/8
  2187 | D:3      | You fall into a shaft and drop 1 floor!
  2187 | D:4      | Noticed a centaur
  2195 | D:4      | Killed a centaur
  2196 | D:4      | Reached skill level 7 in Stealth
  2342 | D:4      | Noticed a two-headed ogre
  2344 | D:4      | Noticed a steam dragon
  2345 | D:4      | Killed a two-headed ogre
  2346 | D:4      | Reached skill level 9 in Stealth
  2346 | D:4      | Reached XP level 6. HP: 32/32 MP: 9/9
  2346 | D:4      | Reached XP level 7. HP: 36/36 MP: 10/10
  2348 | D:4      | Killed a steam dragon
  2442 | D:4      | Found a shadowy altar of Dithmenos.
  2450 | D:4      | Became a worshipper of Dithmenos the Shadowed
  2601 | D:4      | Reached skill level 10 in Stealth
  2601 | D:4      | Reached XP level 8. HP: 41/41 MP: 11/11
  2783 | D:4      | Noticed Eustachio
  2792 | D:4      | Killed Eustachio
  2934 | D:4      | Reached skill level 10 in Hexes
  3023 | D:5      | Entered Level 5 of the Dungeon
  3102 | D:5      | Reached skill level 11 in Stealth
  3132 | D:5      | Reached skill level 5 in Short Blades
  3148 | D:5      | Identified the +8 plate armour "Yhaegil" {Int+5}
  3697 | D:5      | Reached * piety under Dithmenos
  4039 | D:6      | Noticed Duvessa
  4041 | D:6      | Noticed Dowan
  4048 | D:6      | Killed Dowan
  4050 | D:6      | Slain by Duvessa

Illustrated notes

Levels and vault maps discovered:
D:1:      ncdulo_watergridlock, layout_basic,
          hellmonk_ecumenical_altar_prayer_group
D:2:      minmay_diamond_boxcup, layout_basic, serial_shops,
          nicolae_shop_temple_entry_statues_fountains, minmay_joined_circles
D:3:      layout_basic
D:4:      layout_basic, overflow_temple_1_default, minmay_small_thing,
          uniq_eustachio
D:5:      nicolae_cairo_tiling_large_dashed, layout_rooms
D:6:      layout_rooms, dk_noncrumbling_2, interstate_on_off,
          hangedman_abyss_or_decor_stabs, uniq_crazy_yiuf_cottage, uniq_duvessa

Skill      XL: |  1  2  3  4  5  6  7  8 |
---------------+-------------------------+-----
Stealth        | 5 6 9 10 11 | 11.9
Hexes          | 5 6 8 9 10 | 10.7
Short Blades   | 2 4 5 |  5.4
Spellcasting   | 3 |  3.7
Dodging        | |  2.1

Action                   |  1- 3 |  4- 6 |  7- 9 || total
-------------------------+-------+-------+-------++-------
Melee: Dagger            |   121 |    86 |    63 ||   270
       Bite              |     9 |     3 |     5 ||    17
       Punch             |     1 |     2 |     2 ||     5
Throw: Dart              |       |       |     2 ||     2
 Cast: Ensorcelled Hiber |       |     3 |     7 ||    10
       Confusing Touch   |       |       |     1 ||     1
 Abil: Exsanguinate      |       |     1 |       ||     1
  Use: Scroll            |     1 |       |     5 ||     6
 Stab: Sleeping          |    11 |    17 |    27 ||    55
       Confused          |       |       |     1 ||     1
Armor: Robe              |    31 |     2 |       ||    33
       Leather armour    |       |    18 |     6 ||    24
Dodge: Dodged            |    80 |    29 |    17 ||   126

Table legend: (Time is in decaauts)
 A = Elapsed time spent in this place.
 B = Non-inter-level travel time spent in this place.
 C = Inter-level travel time spent in this place.
 D = Time resting spent in this place.
 E = Time spent auto-exploring this place.
 F = Levels seen in this place.
 G = Mean time per level.
                   A        B        C        D        E       F      G
               +--------+--------+--------+--------+--------+-----+--------+
         Total |   4016 |   3898 |    118 |      0 |   2954 |   6 |  669.3 |
       Dungeon |   4016 |   3898 |    118 |      0 |   2954 |   6 |  669.3 |
               +--------+--------+--------+--------+--------+-----+--------+

Top non-repeatable levels by time:
     D:2: 968 daAuts
     D:5: 925 daAuts
     D:4: 829 daAuts
     D:1: 669 daAuts
     D:3: 530 daAuts
     D:6: 91 daAuts
